 Dungeon Crawl Stone Soup version 0.15.2 (webtiles) character file.

19 HopeRidesAlone the Insei (level 2, 18/24 HPs)
             Began as a Mummy Monk on Oct 24, 2015.
             Quit the game on Level 1 of the Dungeon.
             The game lasted 00:01:31 (830 turns).

HopeRidesAlone the Insei (Mummy Monk)                Turns: 830, Time: 00:01:31

HP  18/24        AC  6     Str 14      XL: 2   Next: 55%
MP   2/2         EV  9     Int  9      God:
Gold 44          SH  0     Dex 14      Spells:  0 memorised,  1 level left

rFire  x . .     SeeInvis .       - Unarmed
rCold  + + .     Clarity  .     b - +1 ring mail {rC+}
rNeg   + + +     rCorr    .     (no shield)
rPois  +         rRot     +     (no helmet)
rElec  .         Spirit   .     (no cloak)
SustAb .         Warding  .     (no gloves)
rMut   .         Stasis   .     (no boots)
Gourm  .                        (no amulet)
MR     .....                    (no ring)
                                (no ring)

@: not resistant to hostile enchantments, very unstealthy
A: no food or potions, fire vulnerability, restore body, cold resistance 1,
negative energy resistance 3, poison resistance, torment resistance, unbreathing
a: no special abilities


You were on level 1 of the Dungeon.
You were not hungry.

You visited 1 branch of the dungeon, and saw 1 of its levels.

You collected 44 gold pieces.


Innate Abilities, Weirdness & Mutations

You do not eat or drink.
Your flesh is vulnerable to fire.
Your flesh is cold resistant.
You are immune to negative energy.
Your system is resistant to poisons.
You are immune to unholy pain and torment.
You can survive without breathing.


   Skills:
 - Level 3.0 Fighting
 - Level 2.4 Dodging
 - Level 1.5 Stealth
 + Level 3.9 Unarmed Combat


You had one spell level left.
You didn't know any spells.

Inventory:

Armour
 a - a +0 robe
 b - a +1 ring mail of cold resistance (worn)
Scrolls
 c - 2 scrolls of identify {unknown}
 d - a scroll of fear {unknown}
 e - a scroll of noise {unknown}
 f - a scroll of recharging {unknown}

Dungeon Overview and Level Annotations

Branches:
Dungeon (1/15)

Altars:

#.# #.# #####.. ...#.# ...##
#.. . #..## #.# #.# #..(## #.#
#.# #M.# #.# ... #(#...# #.#
#.# #.# ### ####.#### #.#
##'## #.......## #.# ##.(.##
#[##.#...# #.### ##.....##
#.##..###. #.#.## ##.......##
#.#..## ##
####....####.........###....#
#
...........+.........'......##
##


There were no monsters in sight!


Message History

There is an open door here.
f - a scroll labeled BAEDUA FEILY You open the door.
A kobold comes into view.
The kobold shouts!
The kobold throws a stone.
The stone hits you but does no damage.
A kobold is nearby!
A kobold is nearby!
A kobold is nearby!
There is an open door here.
The kobold throws a stone.
The stone hits you but does no damage.
The kobold throws a stone.
The stone hits you but does no damage.
You see here a stone.
The kobold closely misses you.
You barely miss the kobold. The kobold hits you.
You hit the kobold.
The kobold is moderately wounded.
The kobold hits you.
You barely miss the kobold.
The kobold is moderately wounded.
The kobold completely misses you.
You closely miss the kobold.
The kobold is moderately wounded.
The kobold closely misses you.
You hit the kobold.
You kill the kobold!
No target in view!
No target in view!
No target in view!
Are you sure you want to abandon this character and quit the game? (Confirm with "yes".)

Action                   || total
-------------------------++-------
Melee: Unarmed           ||    76
 Stab: Sleeping          ||     1

Vault maps used:
D:1:      shiori_arrival_whats_in_store_for_you, nemelex_deck

Notes
Turn   | Place    | Note
--------------------------------------------------------------
     0 | D:1      | HopeRidesAlone, the Mummy Monk, began the quest for the Orb.
     0 | D:1      | Reached XP level 1. HP: 18/18 MP: 1/1
     6 | D:1      | Noticed a spriggan zombie
     8 | D:1      | Noticed a formicid zombie
    10 | D:1      | Noticed a formicid zombie
    12 | D:1      | Noticed a human zombie
    13 | D:1      | Noticed a centaur zombie
    15 | D:1      | Noticed an octopode zombie
    15 | D:1      | Noticed a formicid zombie
    17 | D:1      | Noticed a human zombie
    18 | D:1      | Noticed a centaur zombie
    21 | D:1      | Noticed a human zombie
    21 | D:1      | Noticed a minotaur zombie
    23 | D:1      | Noticed a human zombie
    23 | D:1      | Noticed an elf zombie
   336 | D:1      | Reached XP level 2. HP: 24/24 MP: 2/2
   830 | D:1      | Quit the game

Vanquished Creatures
  A giant gecko (D:1)
  An ooze (D:1)
  4 bats (D:1)
  A giant cockroach (D:1)
  A hobgoblin (D:1)
  2 giant newts (D:1)
  2 goblins (D:1)
  3 kobolds (D:1)
  3 rats (D:1)
18 creatures vanquished.
